 Dungeon Sprint DCSS version 0.31.0-1-g2c135a0 (webtiles) character file.

Game seed: 8003973087926715826

1797 PurpleRed the Devastator (level 8, -11/48 HPs)
             Began as a Deep Elf Conjurer on Mar 9, 2024.
             Was a Believer of Sif Muna.
             Shot with a bolt by a yaktaur (26 damage)
             ... in the Dungeon (Sprint II: "The Violet Keep of Menkaure").
             The game lasted 00:06:33 (582 turns).

PurpleRed the Devastator (Deep Elf Conjurer)         Turns: 582, Time: 00:06:34

Health: -11/48     AC:  2    Str:  4    XL:     8   Next: 83%
Magic:  13/37      EV: 12    Int: 29    God:    Sif Muna [**....]
Gold:   40         SH:  0    Dex: 13    Spells: 25/36 levels left

rFire   . . .        (no weapon)
rCold   + . .        (no shield)
rNeg    . . .        a - +0 robe
rPois   .            (no helmet)
rElec   .            (no cloak)
rCorr   .            (no gloves)
SInv    +            (no boots)
Will    .....        (no amulet)
Stlth   ++           d - ring "Hoegol" {rC+ MP+9 Int+3 SInv}
HPRegen 0.28/turn    (no ring)
MPRegen 0.25/turn

%: no teleportation
@: no status effects
A: no striking features
a: Renounce Religion, Channel Magic


You were in the Dungeon.
You worshipped Sif Muna.
Sif Muna was pleased with you.
You visited 1 branch You collected 744 gold pieces.
You spent 704 gold pieces at shops.

Inventory:

Armour
 a - a +0 robe (worn)
Jewellery
 d - the ring "Hoegol" (left hand) {rC+ MP+9 Int+3 SInv}
   (You bought it in a shop in the Dungeon)

   [ring of see invisible]

   Int+3:     It affects your intelligence (+3).
   rC+:       It protects you from cold.
   MP+9:      It affects your magic capacity (+9).
   SInv:      It lets you see invisible.
Scrolls
 g - a scroll of blinking
Potions
 b - 2 potions of magic


   Skills:
 - Level 4.0 Fighting
 - Level 2.4 Dodging
 - Level 2.4 Stealth
 + Level 14.6 Spellcasting
 * Level 17.2 Conjurations


You had 25 spell levels left.
You knew the following spells:

 Your Spells              Type           Power      Damage    Failure   Level
a - Magic Dart            Conj           100%       1d8       0%          1
b - Searing Ray           Conj           100%       2d8       0%          2
c - Fulminant Prism       Conj/Alch      31%        3d16      1%          4
d - Iskenderun's Mystic   Conj/Tloc      63%        2d13      1%          4

Your spell library contained the following spells:

 Spells                   Type           Power      Damage    Failure   Level


Dungeon Overview and Level Annotations

Branches:
Dungeon (1/1)

Altars:
Cheibriados
Dithmenos
Elyvilon
Fedhas
Gozag
Hepliaklqana
Kikubaaqudgha
Makhleb
Nemelex Xobeh
Okawaru
Qazlal
Ru
Sif Muna
Trog
Uskayaw
Vehumet
Wu Jian
Xom
Yredelemnul
Zin
The Shining One
Jiyva
Lugonu

Shops:
D [::=?=![![*[(=!

Annotations:
D exclusion: oklob plant, Roxanne


Message History

Your fulminant prism crackles loudly.
Your fulminant prism explodes!
The blast of energy engulfs the polar bear!!
You kill the polar bear!
Sif Muna accepts your kill.
The blast of energy engulfs the yaktaur!
The yaktaur is moderately wounded.
Your Conjurations skill increases to level 17!
Casting: Fulminant Prism (dangerous; 1% risk of failure)
Confirm with . or Enter, or press ? or * to list all spells.
Aiming: Fulminant Prism (dangerous; 1% risk of failure)
Press: ? - help, Dir - move target
Okay, then.
Casting: Fulminant Prism (dangerous; 1% risk of failure)
Confirm with . or Enter, or press ? or * to list all spells.
Aiming: Fulminant Prism (dangerous; 1% risk of failure)
Press: ? - help, Dir - move target You conjure a prism of explosive energy!
A fulminant prism comes into view.
The crocodile hisses menacingly.
The yaktaur wields a +0 arbalest.
The yaktaur shoots a bolt.
The bolt barely misses you.
You feel better.
The yaktaur shoots a bolt.
The bolt hits you!
* * * LOW HITPOINT WARNING * * *
Your fulminant prism crackles loudly.
The yaktaur shoots a bolt.
The bolt closely misses you.
Your fulminant prism explodes!
The blast of energy engulfs the yaktaur!!
The yaktaur is almost dead.
The hornet buzzes angrily.
You hear a roar!
Casting: Fulminant Prism (dangerous; 1% risk of failure)
Confirm with . or Enter, or press ? or * to list all spells.
Aiming: Fulminant Prism (dangerous; 1% risk of failure)
Press: ? - help, Dir - move target You conjure a prism of explosive energy!
A fulminant prism comes into view.
The yaktaur shoots a bolt.
The bolt closely misses you.
The yaktaur shoots a bolt.
The bolt hits you!!
Ouch! That really hurt!
You die...

..## #..# $#▓?:$!?$($▓▓
#..# +..# c#▓)[!!!(?)▓▓
#..# #..# .#▓)$?$$?$?▓
'..####..##.#▓$$[!=(![
#....###.^.##▓▓▓▓▓▓▓+▓▓
#......~~~~~y~~~~~~~..
~~...§.~#c########+###
~~~~§§.~#_._†....#l~~##
§~§~§§.~#._.*...@#l~§≈#
§§§§§§~~#_._._...#l§§~≈#
~§≈≈≈~§§#._._._..#§~§≈≈§
§≈≈≈≈≈§§#_._._._.#~~~§§§
≈§≈###§≈#._._._._#~~~§§§
#≈§# #≈≈#.._._._.#~~≈≈≈≈
+§§# #≈≈#._._._..#§≈§§▓▓
#§≈≈≈≈≈≈##########~≈≈§▓
######~~~~~~~~~≈≈


You could see a yaktaur (ally target), a hornet, 3 crocodiles and a friendly
fulminant prism.

Vanquished Creatures
  A merfolk siren (D)
  3 polar bears (D)
  A blink frog (D)
  2 wyverns (D)
  Menkaure (D)
  A crocodile (D)
  4 necrophages (D)
13 creatures vanquished.

Vanquished Creatures (others)
  A crocodile (D)
  13 fulminant prisms (D)
14 creatures vanquished.

Grand Total: 27 creatures vanquished

Notes
Turn   | Place    | Note
-------+----------+-------------------------------------------
     0 | D        | PurpleRed the Deep Elf Conjurer began the quest for the
                  | Orb.
     0 | D        | Reached XP level 1. HP: 10/10 MP: 6/6
     2 | D        | Noticed a necrophage
     2 | D        | Noticed a necrophage
     2 | D        | Noticed a necrophage
     2 | D        | Noticed a necrophage
     9 | D        | Killed a necrophage
    10 | D        | Reached skill level 5 in Spellcasting
    10 | D        | Reached skill level 7 in Conjurations
    10 | D        | Reached XP level 2. HP: 18/18 MP: 3/10
    10 | D        | Reached XP level 3. HP: 22/22 MP: 3/12
    18 | D        | Killed a necrophage
    19 | D        | Reached skill level 8 in Conjurations
    19 | D        | Reached XP level 4. HP: 25/28 MP: 4/14
    21 | D        | Killed a necrophage
    22 | D        | Reached skill level 9 in Conjurations
    22 | D        | Reached XP level 5. HP: 25/33 MP: 4/17
    33 | D        | Killed a crocodile
    34 | D        | Reached skill level 10 in Conjurations
    42 | D        | Learned a level 2 spell: Searing Ray
    47 | D        | Learned a level 4 spell: Fulminant Prism
    52 | D        | Learned a level 4 spell: Iskenderun's Mystic Blast
    54 | D        | Noticed Menkaure
    55 | D        | Killed Menkaure
    56 | D        | Reached skill level 11 in Conjurations
    56 | D        | Reached XP level 6. HP: 24/38 MP: 15/20
    58 | D        | Found an iron altar of Okawaru.
    58 | D        | Found a radiant altar of Vehumet.
    58 | D        | Found a glowing silver altar of Zin.
    59 | D        | Found a sparkling altar of Nemelex Xobeh.
    59 | D        | Found a hide-covered altar of Uskayaw.
    59 | D        | Found a basalt altar of Yredelemnul.
    60 | D        | Found an opulent altar of Gozag.
    60 | D        | Found a burning altar of Makhleb.
    60 | D        | Found a bloodstained altar of Trog.
    61 | D        | Found a blossoming altar of Fedhas.
    61 | D        | Found a corrupted altar of Lugonu.
    61 | D        | Found a shimmering blue altar of Sif Muna.
    62 | D        | Found a white marble altar of Elyvilon.
    62 | D        | Found an ancient bone altar of Kikubaaqudgha.
    63 | D        | Found a shadowy altar of Dithmenos.
    63 | D        | Found a viscous altar of Jiyva.
    64 | D        | Found a snail-covered altar of Cheibriados.
    66 | D        | Found a shimmering altar of Xom.
    66 | D        | Found a sacrificial altar of Ru.
    66 | D        | Found a hazy altar of Hepliaklqana.
    67 | D        | Found a glowing golden altar of the Shining One.
    67 | D        | Found an ornate altar of the Wu Jian Council.
    67 | D        | Found a stormy altar of Qazlal.
    73 | D        | Became a worshipper of Sif Muna the Loreminder
    98 | D        | Found Biuhacso's General Store.
    98 | D        | Found Xainlejy's Antique Weapon Shop.
    99 | D        | Found Zerphiow's Armour Boutique.
   100 | D        | Found Jyxoemib's Distillery.
   100 | D        | Found Ponat's Distillery.
   100 | D        | Found Cefe's Armour Shop.
   101 | D        | Found Xebis's Distillery.
   101 | D        | Found Kuxamuu's Jewellery Boutique.
   101 | D        | Found Tacyish's Jewellery Boutique.
   102 | D        | Found Xaycoz's Antique Armour Boutique.
   104 | D        | Found Oxeyzaid's Magic Scroll Boutique.
   104 | D        | Found Hekle's Jewellery Shop.
   104 | D        | Noticed a death yak
   104 | D        | Noticed an oklob plant
   106 | D        | Found Ciocsid's Book Shop.
   106 | D        | Found Ziherym's Book Shoppe.
   106 | D        | Found Etaus's Antique Armour Boutique.
   106 | D        | Noticed a shining eye
   106 | D        | Noticed a shining eye
   107 | D        | Noticed a shining eye
   112 | D        | Reached skill level 10 in Spellcasting
   112 | D        | Reached skill level 12 in Conjurations
   223 | D        | Noticed a boulder beetle
   223 | D        | Noticed a boulder beetle
   226 | D        | Noticed a wyvern
   226 | D        | Noticed a wyvern
   231 | D        | Killed a wyvern
   231 | D        | Killed a wyvern
   231 | D        | Reached * piety under Sif Muna
   232 | D        | Reached skill level 14 in Conjurations
   232 | D        | Reached XP level 7. HP: 43/43 MP: 14/24
   235 | D        | Noticed a merfolk siren
   242 | D        | Killed a merfolk siren
   243 | D        | Reached skill level 15 in Conjurations
   243 | D        | Reached XP level 8. HP: 26/48 MP: 8/26
   278 | D        | Bought the ring "Hoegol" {rC+ MP+9 Int+3 SInv} for 704 gold
                  | pieces
   363 | D        | Noticed a blink frog
   375 | D        | Killed a blink frog
   506 | D        | Noticed Roxanne
   561 | D        | Noticed a hornet
   561 | D        | Noticed a polar bear
   562 | D        | Noticed a yaktaur
   566 | D        | Noticed a polar bear
   567 | D        | Noticed a polar bear
   571 | D        | Killed a polar bear
   571 | D        | Reached ** piety under Sif Muna
   572 | D        | Reached skill level 16 in Conjurations
   574 | D        | Killed a polar bear
   577 | D        | Killed a polar bear
   578 | D        | Reached skill level 17 in Conjurations
   582 | D        | Shot with a bolt by a yaktaur

Illustrated notes

Levels and vault maps discovered:
D:        the_violet_keep_of_menkaure [sprint2_stairs_cluster_1,
          sprint2_shoproom, sprint2_temple, sprint2_basic_supplies,
          sprint2_obstacle_5, sprint2_obstacle_3, sprint2_obstacle_6,
          sprint2_obstacle_4, sprint2_obstacle_7, sprint2_timed_cluster_1,
          sprint2_smallroom_cluster_1, sprint2_smallroom_final_cluster_1,
          sprint2_transparent_cluster_1, sprint2_second_timed_cluster_1,
          sprint2_sniper_area_1, sprint2_heavy_combat_area_1,
          sprint2_mutation_trap_area_1, sprint2_forest_area_1,
          sprint2_light_combat_area_1, sprint2_behind_water_1,
          sprint2_near_end_vault_1]

Skill      XL: |  1  2  3  4  5  6  7  8 |
---------------+-------------------------+-----
Fighting       | 2 3 4 |  4.0
Spellcasting   | 5 6 7 9 11 12 14 | 14.6
Conjurations   | 7 8 9 11 14 15 17 | 17.2
Dodging        | |  2.4
Stealth        | |  2.4

Action                     |  1- 3 |  4- 6 |  7- 9 || total
---------------------------+-------+-------+-------++-------
  Melee: Unarmed           |    12 |     7 |     1 ||    20
   Cast: Magic Dart        |     2 |     6 |     2 ||    10
         Iskenderun's Myst |       |     3 |       ||     3
         Fulminant Prism   |       |     3 |    11 ||    14
    Use: Potion            |     2 |     2 |     1 ||     5
 Armour: Robe              |     5 |     9 |    10 ||    24
  Dodge: Dodged            |     2 |     5 |     8 ||    15
